Description

Zealot Charge all in with 2 immortals and prism.

Replay - Lambo v Trust: Game 2 - Kairos Junction LE

Build Order

Get SALT Encoding   

  14  0:20  Pylon  
  15  0:40  Gateway  
  16  0:47  Assimilator  
  20  1:24  Nexus  
  20  1:34  Cybernetics Core  
  21  1:42  Assimilator  
  21  1:52  Pylon  
  22  2:10  Adept (Chrono Boost)  
  26  2:16  Warp Gate  
  26  2:21  Robotics Facility  
  26  2:30  Stalker  
  32  2:55  Twilight Council  
  32  3:11  Immortal (Chrono Boost)  
  38  3:27  Gateway  @ Natural to close the wall
  38  3:26  Zealot  
  38  3:39  Immortal (Chrono Boost)  
  42  3:43  Charge (Chrono Boost)  x2
  42  3:44  Action  Pull probes from both assimilators on main and move them to natural mineral
  42  3:50  Gateway x4  
  42  4:05  Zealot  
  42  4:13  Warp Prism (Chrono Boost)  
  46  4:21  Gateway  
  46  4:24  Pylon  
  46  4:31  Pylon  
  46  4:35  Pylon  
Spawning Tool Build Advisor. Get it on Overwolf

Analysis

This build is designed to kill the zerg as fast as possible using 2 immortals and Zealot charge. It is not possible to transition from this because you are removing probes from gas and putting them into minerals to maximize zealot production. You can trick the Zerg by putting a pylon on your third (he would probably have vision there) so he does not expect the attack so early.

It is important to micro the prism and save immortals as much as possible without forgetting to warp in zealots every time possible.

Warp in Zealots half way Zerg's base, warp again at natural. This should hit the Zerg's natural with 12-14 zealots 2 immortals and charge at 5:16-5:20 minute mark, you should be able to do a lot of damage and just kill the zerg right there.

Don't forget to deny vision with a salker, if the number of gates is scouted before you go out of your base he is going to be able to prepare a good defence.

Go to:

Details

  • Created by: Horuss     
  • Published on: Mar 07, 2019
  • Modified on: Mar 07, 2019
  • Patch: 4.7.1
Show
View Real Time Build Order
Export as new Build Order

Comments (0)

There are no comments. Be the first!

Create an account to comment!